 Dungeon Sprint DCSS version 0.21.1-1-g345015f (webtiles) character file.

423 Psiloshibe the Carver (level 10, -6/120 HPs)
             Began as a Barachi Berserker on June 10, 2018.
             Was an Elder of Trog.
             Mangled by a two-headed ogre
             ... wielding a +0 giant club
              (8 damage)
             ... in the Dungeon (Sprint VI: "Thunderdome").
             The game lasted 00:08:25 (867 turns).

Psiloshibe the Carver (Barachi Berserker)            Turns: 867, Time: 00:08:26

Health: -6/120     AC: 13    Str: 25    XL:     10   Next: 1%
Magic:  10/10      EV: 12    Int: 10    God:    Trog [****..]
Gold:   263        SH: 18    Dex: 13    Spells: 9/9 levels left

rFire    . . .     SeeInvis .   a - +0 falchion
rCold    + + .     Gourm    .   u - +3 large shield "Vixteus" {rC+}
rNeg     + . .     Faith    .   q - +0 ring mail
rPois    +         Spirit   .   (no helmet)
rElec    +         Reflect  .   (no cloak)
rCorr    .         Harm     .   s - +2 pair of gloves of Fedhas's Scorn {rPois Int-5 Dex+2}
MR       ++...     NoTele   +   (no boots)
Stlth    ..........             p - amulet "Naack" {Regen+ Int+5}
HPRegen  1.70/turn              n - ring "Fysupni" {rC+ AC+3}
MPRegen  0.12/turn              o - ring "Koerph" {rElec rN+ Int+2 Stlth+}

@: berserking (expiring), regenerating, quick
A: +LOS, swims, hooves 1, frail 1, slowness 1, weak 1, subdued magic 1, strong
legs 1
}: 1/15 runes: serpentine
a: Hop, Berserk, Trog's Hand, Brothers in Arms, Burn Spellbooks, Renounce
Religion


You were in the Dungeon.
You worshipped Trog.
Trog was greatly pleased with you.
You were hungry.

You visited 1 branch You collected 770 gold pieces.
You spent 507 gold pieces at shops.

Inventory:

Hand Weapons
 a - a +0 falchion (weapon)
Missiles
 b - 5 tomahawks of returning (quivered)
 r - 5 steel javelins
Armour
 q - a +0 ring mail (worn)
 s - the +2 pair of gloves of Fedhas's Scorn (worn) {rPois Int-5 Dex+2}
   (You found it in the Dungeon)

   It affects your intelligence (-5).
   It affects your dexterity (+2).
   It protects you from poison.
 u - the +3 large shield "Vixteus" (worn) {rC+}
   (You bought it in a shop in the Dungeon)

   It protects you from cold.
Jewellery
 n - the ring "Fysupni" (left hand) {rC+ AC+3}
   (You bought it in a shop in the Dungeon)

   [ring of protection]

   It affects your AC (+3).
   It protects you from cold.
 o - the ring "Koerph" (right hand) {rElec rN+ Int+2 Stlth+}
   (You bought it in a shop in the Dungeon)

   [ring of intelligence]

   It affects your intelligence (+2).
   It insulates you from electricity.
   It protects you from negative energy.
   It makes you more stealthy.
 p - the amulet "Naack" (around neck) {Regen+ Int+5}
   (You bought it in a shop in the Dungeon)

   [amulet of regeneration]

   It affects your intelligence (+5).
   It increases your rate of regeneration.
Wands
 k - a wand of acid (5)
 l - a wand of iceblast (3)
Scrolls
 i - 4 scrolls of blinking
 m - 3 scrolls of fog
Potions
 d - a potion of curing
 e - 4 potions of heal wounds
 f - 4 potions of haste
 g - 2 potions of magic
 h - a potion of berserk rage
 j - a potion of resistance
 t - a potion of experience
Comestibles
 c - 2 rations


   Skills:
 + Level 12.3 Fighting
 + Level 14.1 Long Blades
 * Level 10.3 Throwing
 + Level 10.2 Armour
 + Level 9.4 Dodging
 + Level 2.1 Stealth
 + Level 4.9 Shields
 + Level 0.3 Evocations


You had 9 spell levels left.
You didn't know any spells.

Dungeon Overview and Level Annotations

Branches:
Dungeon (1/1)

Altars:
Cheibriados
Dithmenos
Fedhas
Gozag
Kikubaaqudgha
Makhleb
Okawaru
Qazlal
Ru
Sif Muna
Trog
Uskayaw
Vehumet
Wu Jian
Xom
Yredelemnul
Zin
The Shining One
Beogh
Jiyva
Lugonu

Shops:
D *[%??*?*:[((!!!!


Innate Abilities, Weirdness & Mutations

Shadows flee at your approach. (+LOS)
You can swim through water.
You cover ground slowly.
You can hop short distances.
You have large cloven feet.
You are frail. (-10% HP)
You are weak. (Str -2)
Your spells are a little easier to cast, but a little less powerful.


Message History

You riposte.
You hit the two-headed ogre. You kick the two-headed ogre!
The two-headed ogre is moderately wounded.
The two-headed ogre hits you with a giant club!
You slash the two-headed ogre! You kick the two-headed ogre!
The two-headed ogre is severely wounded.
The two-headed ogre hits you with a giant club!
* * * LOW HITPOINT WARNING * * *
The two-headed ogre hits you with a giant spiked club.
* * * LOW HITPOINT WARNING * * *
You block the ogre's attack. The ogre hits you with a giant club!
* * * LOW HITPOINT WARNING * * *
You barely miss the two-headed ogre.
The two-headed ogre is severely wounded.
The two-headed ogre hits you with a giant club!!
* * * LOW HITPOINT WARNING * * *
You block the two-headed ogre's attack.
Unknown command.
You block the ogre's attack.
The two-headed ogre hits you with a giant club!
You die...

#⌠...........⌠#
######.8.........8.##
##∩.__......###......_
###∩........8.# #.8.....
##....)[.......###.......
#⌠..........###...###....
#⌠..........# #.<.# #....
#⌠..........###...###....
##......@O..O..###.......
###∩...OOO..8.# #.8.....
##∩___OO....###)....._
######.8.........8.##
#⌠...........⌠#
###.........###
#_......._# #_......._#
#_......._#


You could see 3 two-headed ogres and 4 ogres.

Vanquished Creatures
  An ogre mage (D)
  2 orange demons (D)
  A ynoxinul (D)
  2 neqoxecs (D)
  3 insubstantial wisps (D)
  2 wolves (D)
  2 bullfrogs (D)
  A jelly (D)
  2 hounds (D)
  Terence (D)
  An adder (D)
  4 oozes (D)
  A jackal skeleton (D)
23 creatures vanquished.

Vanquished Creatures (collateral kills)
  A naga warrior (D)
  A sun demon (D)
  A hellwing (D)
  A tyrant leech (D)
4 creatures vanquished.

Grand Total: 27 creatures vanquished

Notes
Turn   | Place    | Note
-------+----------+-------------------------------------------
     0 | D        | Psiloshibe the Barachi Berserker began the quest for the Orb.
     0 | D        | Reached XP level 1. HP: 18/18 MP: 1/1
     0 | D        | Found a stormy altar of Qazlal.
     0 | D        | Found a snail-covered altar of Cheibriados.
     3 | D        | Found a sacrificial altar of Ru.
     3 | D        | Found a viscous altar of Jiyva.
     4 | D        | Found a shadowy altar of Dithmenos.
     4 | D        | Found a glowing golden altar of the Shining One.
     4 | D        | Found an ornate altar of the Wu Jian Council.
     5 | D        | Found a deep blue altar of Sif Muna.
     5 | D        | Round 1.
     6 | D        | Found Geps's Delicious Food.
     6 | D        | Found a corrupted altar of Lugonu.
     6 | D        | Found Kuag's Identification Station.
     6 | D        | Found a shimmering altar of Xom.
     7 | D        | Found Xalygig's Jewellery.
     7 | D        | Found Keow's Advanced Armour.
     7 | D        | Found a basalt altar of Yredelemnul.
     7 | D        | Found a radiant altar of Vehumet.
    22 | D        | Noticed Terence
    24 | D        | Bought a slimy marble ring for 45 gold pieces
    24 | D        | Bought a shimmering lead ring for 45 gold pieces
    24 | D        | Bought a translucent bronze amulet for 45 gold pieces
    24 | D        | Identified the amulet "Naack" {Regen+ Int+5} (You bought it in a shop in the Dungeon)
    25 | D        | Identified the ring "Fysupni" {rC+ AC+3} (You bought it in a shop in the Dungeon)
    26 | D        | Identified the ring "Koerph" {rElec rN+ Int+2 Stlth+} (You bought it in a shop in the Dungeon)
    36 | D        | Killed Terence
    36 | D        | Reached skill level 5 in Fighting
    36 | D        | Reached skill level 5 in Long Blades
    36 | D        | Reached skill level 1 in Throwing
    36 | D        | Reached XP level 2. HP: 17/27 MP: 2/2
    44 | D        | Reached ** piety under Trog
    44 | D        | Reached XP level 3. HP: 12/33 MP: 3/3
    59 | D        | Noticed Jessica
    61 | D        | Found an iron altar of Okawaru.
    62 | D        | Found a hide-covered altar of Uskayaw.
    63 | D        | Found a burning altar of Makhleb.
    63 | D        | Found a glowing silver altar of Zin.
    63 | D        | Found Boonlure's Premium Goods.
    63 | D        | Found Bugon's Weapon Rack.
    65 | D        | Arena points: 4 (+4) [x1]
    66 | D        | Found Mogaiga's Miscellaneous Merchandise.
    66 | D        | Found Zofud's Basic Armour.
    76 | D        | Found Seulateu's Magic Scroll Shop.
    76 | D        | Round 2.
    77 | D        | Found Ilauhig's Magic Scroll Shop.
    77 | D        | Found Boninnir's Must-Have Magic.
    78 | D        | Found Koluev's Staff Store.
    83 | D        | Found a bloodstained altar of Trog.
    84 | D        | Found a roughly hewn altar of Beogh.
    85 | D        | Found an opulent altar of Gozag.
    86 | D        | Found Mewnom's Distillery.
    87 | D        | Found Qeitymis's Distillery.
    87 | D        | Found Qaesaqo's Bottled Wisdom.
    88 | D        | Found a blossoming altar of Fedhas.
    88 | D        | Found an ancient bone altar of Kikubaaqudgha.
    88 | D        | Found Paqav's Do-It-Yourself Clinic.
   125 | D        | Reached skill level 6 in Long Blades
   125 | D        | Reached XP level 4. HP: 16/41 MP: 4/4
   144 | D        | Reached *** piety under Trog
   146 | D        | Received a gift from Trog
   146 | D        | Arena points: 28 (+24) [x2]
   194 | D        | Round 3.
   201 | D        | Noticed an insubstantial wisp
   215 | D        | Noticed an insubstantial wisp
   220 | D        | Killed an insubstantial wisp
   220 | D        | Reached skill level 8 in Long Blades
   220 | D        | Reached XP level 5. HP: 47/49 MP: 5/5
   227 | D        | Killed an insubstantial wisp
   227 | D        | Reached skill level 9 in Long Blades
   227 | D        | Reached skill level 5 in Throwing
   227 | D        | Reached skill level 5 in Armour
   227 | D        | Reached skill level 5 in Dodging
   227 | D        | Reached XP level 6. HP: 58/58 MP: 6/6
   260 | D        | Reached skill level 10 in Long Blades
   260 | D        | Reached skill level 1 in Stealth
   275 | D        | Noticed an insubstantial wisp
   315 | D        | Noticed a tyrant leech
   319 | D        | Reached **** piety under Trog
   319 | D        | Reached XP level 7. HP: 48/64 MP: 7/7
   323 | D        | Killed an insubstantial wisp
   332 | D        | Killed a tyrant leech
   332 | D        | Arena points: 91 (+63) [x3]
   332 | D        | Reached skill level 10 in Fighting
   332 | D        | Reached skill level 11 in Long Blades
   366 | D        | Round 4.
   453 | D        | Reached XP level 8. HP: 13/73 MP: 8/8
   483 | D        | Arena points: 111 (+20) [x1]
   496 | D        | Round 5.
   509 | D        | Noticed a naga warlord
   522 | D        | Killed a naga warlord
   522 | D        | Arena points: 231 (+120) [x3]
   522 | D        | Reached skill level 12 in Long Blades
   523 | D        | Got a pair of polished gloves
   523 | D        | Got a serpentine rune of Zot
   530 | D        | Identified the +2 pair of gloves of Fedhas's Scorn {rPois Int-5 Dex+2} (You found it in the Dungeon)
   545 | D        | Bought a smoking large shield for 332 gold pieces
   550 | D        | Identified the +3 large shield "Vixteus" {rC+} (You bought it in a shop in the Dungeon)
   702 | D        | Round 6.
   713 | D        | Gained mutation: You have large cloven feet. [a neqoxec]
   716 | D        | Gained mutation: You are weak. (Str -2) [a neqoxec]
   725 | D        | Gained mutation: Your spells are a little easier to cast, but a little less powerful. [a neqoxec]
   737 | D        | Noticed a hellwing
   741 | D        | Noticed a sun demon
   752 | D        | Killed a hellwing
   757 | D        | Killed a sun demon
   757 | D        | Reached skill level 13 in Long Blades
   757 | D        | Reached skill level 1 in Shields
   757 | D        | Reached XP level 9. HP: 21/81 MP: 9/9
   785 | D        | Noticed an orange demon
   788 | D        | Noticed an orange demon
   798 | D        | Killed an orange demon
   803 | D        | Received a gift from Trog
   807 | D        | Gained mutation: You are frail. (-10% HP) [a neqoxec]
   823 | D        | Killed an orange demon
   823 | D        | Arena points: 423 (+192) [x4]
   837 | D        | Bought 2 rations for 40 gold pieces
   846 | D        | Round 7.
   848 | D        | Noticed a two-headed ogre
   848 | D        | Noticed an ogre mage
   853 | D        | Noticed a two-headed ogre
   854 | D        | Noticed a two-headed ogre
   860 | D        | Killed an ogre mage
   860 | D        | Reached skill level 14 in Long Blades
   860 | D        | Reached skill level 10 in Throwing
   860 | D        | Reached skill level 10 in Armour
   860 | D        | Reached XP level 10. HP: 80/80 MP: 10/10
   866 | D        | HP: 1/120 [two-headed ogre/giant club (22)]
   867 | D        | Mangled by a two-headed ogre

Skill      XL: |  1  2  3  4  5  6  7  8  9 |
---------------+----------------------------+-----
Fighting       | 5 6 8 9 10 11 12 | 12.3
Long Blades    | 5 6 8 9 10 11 13 14 | 14.1
Throwing       | 1 2 4 5 6 7 9 10 | 10.3
Armour         | 3 4 5 6 9 10 | 10.2
Dodging        | 3 4 5 6 7 8 9 |  9.4
Stealth        | 1 2 |  2.1
Shields        | 1 4 |  4.9
Evocations     | |  0.3

Action                   |  1- 3 |  4- 6 |  7- 9 | 10-12 || total
-------------------------+-------+-------+-------+-------++-------
Melee: Falchion          |    31 |    49 |    81 |     5 ||   166
       Kick              |       |       |    16 |     4 ||    20
Throw: Tomahawk          |       |       |    20 |       ||    20
Invok: Berserk           |     1 |     1 |     2 |       ||     4
       Trog's Hand       |     1 |     1 |     7 |       ||     9
       Brothers in Arms  |       |       |     4 |       ||     4
Evoke: Wand              |       |       |     2 |       ||     2
  Eat: Chunk             |       |     1 |     3 |       ||     4
       Ration            |       |       |     1 |       ||     1
Armor: Animal skin       |     5 |       |       |       ||     5
       Ring mail         |     3 |    14 |    28 |     1 ||    46
Dodge: Dodged            |    19 |    26 |    30 |     4 ||    79
Block: Large shield      |       |       |    52 |    10 ||    62
       Rpst.: Falchion   |     2 |     6 |     6 |     2 ||    16
